 Dungeon Crawl Stone Soup version 0.29-a0-322-g68df515428 (webtiles) character file.

Game seed: 11186451111117316277

1479 experimilk the Basher (level 8, 0/66 HPs)
             Began as a Palentonga Fighter on Apr 9, 2022.
             Was a Believer of Okawaru.
             Slain by an orc warrior
             ... wielding a +4 glaive of freezing
              (13 damage)
             ... on level 6 of the Dungeon.
             The game lasted 00:17:10 (6776 turns).

experimilk the Basher (Palentonga Fighter)          Turns: 6776, Time: 00:17:11

Health: 0/66       AC: 15    Str: 21    XL:     8   Next: 50%
Magic:  8/8        EV:  5    Int:  9    God:    Okawaru [**....]
Gold:   336        SH:  4    Dex: 10    Spells: 7/7 levels left

rFire   . . .      SeeInvis +   a - +0 flail
rCold   . . .      Faith    .   c - +0 buckler
rNeg    . . .      Spirit   .   p - +0 chain mail
rPois   +          Reflect  .   (no helmet)
rElec   .          Harm     .   (no cloak)
rCorr   .          Rampage  .   (no gloves)
Will    .....                   (no barding)
Stlth   ..........              (no amulet)
HPRegen 0.21/turn               e - ring of poison resistance
MPRegen 0.11/turn               h - ring of flight

@: flying, curled up
A: large, rugged brown scales 3, see invisible, deformed body, roll 1, armoured
tail, reflexive curl
a: Rolling Charge, Renounce Religion, Heroism


You were on level 6 of the Dungeon.
You worshipped Okawaru.
Okawaru was pleased with you.
You visited 2 branches of the dungeon, and saw 7 of its levels.

You collected 336 gold pieces.

Inventory:

Hand Weapons
 a - a +0 flail (weapon)
 b - a +0 flail
 n - a +1 whip of freezing
Missiles
 l - 6 boomerangs (quivered)
Armour
 c - a +0 buckler (worn)
 p - a +0 chain mail (worn)
Jewellery
 e - a ring of poison resistance (left hand)
 h - a ring of flight (right hand)
Wands
 m - a wand of iceblast (3)
Scrolls
 d - a scroll of enchant weapon {unknown}
 g - a scroll of enchant armour {unknown}
 q - a scroll of magic mapping {unknown}
 r - 3 scrolls of immolation
 x - a scroll of torment {unknown}
Potions
 f - a potion of curing
 i - a potion of flight
 j - a potion of magic
 k - a potion of brilliance
 o - a potion of experience {unknown}
 s - 2 potions of lignification {unknown}
 t - a potion of mutation {unknown}
 u - 2 potions of heal wounds {unknown}
 v - 2 potions of cancellation {unknown}


   Skills:
 + Level 5.2 Fighting
 * Level 8.7 Maces & Flails
 - Level 3.0 Throwing
 - Level 3.0 Armour
 - Level 2.4 Shields


You had 7 spell levels left.
You didn't know any spells.
Your spell library contained the following spells:

 Spells                   Type           Power      Damage    Failure   Level
 Magic Dart               Conj           0%         1d3       99%         1
 Slow                     Hex            0%         N/A       99%         1
 Confusing Touch          Hex            0%         N/A       100%        3
 Mephitic Cloud           Conj/Pois/Air  0%         N/A       100%        3
 Vampiric Draining        Necr           0%         2d6       100%        3
 Summon Small Mammal      Summ           Unusable   N/A       N/A         1
 Call Imp                 Summ           Unusable   N/A       N/A         2
 Call Canine Familiar     Summ           Unusable   N/A       N/A         3
 Summon Guardian Golem    Hex/Summ       Unusable   N/A       N/A         3

Dungeon Overview and Level Annotations

Branches:
Dungeon (6/15)             Temple (1/1) D:5

Altars:
Ashenzari
Cheibriados
Dithmenos
Elyvilon
Gozag
Hepliaklqana
Kikubaaqudgha
Nemelex Xobeh
Okawaru
Qazlal
Ru
Sif Muna
Trog
Uskayaw
Vehumet
Wu Jian
Xom
Yredelemnul
Zin
The Shining One


Innate Abilities, Weirdness & Mutations

You are completely covered in rugged brown scales. (AC +3, +7% HP)
You have supernaturally acute eyesight. (SInv)
Armour fits poorly on your strangely shaped body.
You can roll at nearby foes to attack.
You have a long armoured tail.
You curl defensively after being hit. (AC +7*)


Message History

Done waiting.
You start waiting.
Done waiting.
Okay, then.
You see here a +0 giant club.
There is a stone staircase leading down, spattered with blood here.
Things that are here:
a +0 leather armour; a +0 short sword
Things that are here:
a +0 leather armour; a +2 rapier of flaming
There is a stone staircase leading down, spattered with blood here.
You fly downwards.
The orc warrior shouts!
The orc warrior barely misses you.
There is a stone staircase leading up here.
Roll where?
Press: ? - help, Dir - move target, f - orc warrior
Aim: an orc warrior, wielding a +4 glaive of freezing and wearing a +2 chain mail of cold resistance You roll forward with a clatter of scales!
You hit the orc warrior but do no damage.
The orc warrior barely misses you.
You hit the orc warrior.
The orc warrior is moderately wounded.
You block the orc warrior's attack.
You hit the orc warrior.
Your tail-slap misses the orc warrior.
The orc warrior is moderately wounded.
You sock the orc warrior!
The orc warrior is severely wounded.
The orc warrior hits you with a +4 glaive of freezing!!
The orc warrior freezes you!
You hit the orc warrior but do no damage.
The orc warrior is severely wounded.
The orc warrior hits you with a +4 glaive of freezing!!
* * * LOW HITPOINT WARNING * * *
The orc warrior freezes you.
* * * LOW HITPOINT WARNING * * *
You closely miss the orc warrior.
The orc warrior is severely wounded.
The orc warrior hits you with a +4 glaive of freezing!
You die...

##+#######.##
#.....)......
#.....#######
#.....#
#.<@o.#
#.........#
#.........#
#.........#
#.........#
#.........#
#.........#
###########


You could see an orc warrior.

Vanquished Creatures
  Pikel (D:5)
  Sigmund (D:5)
  Eustachio (D:5)
  Duvessa (D:5)
  3 ogres (D:5)
  A scorpion (D:3)
  A necrophage (D:4)
  Dowan (D:5)
  A hound (D:4)
  2 iguanas
  6 adders
  A white imp (D:5)
  2 worms (D:2)
  2 dart slugs
  8 orcs
  5 bats
  5 endoplasms
  3 giant cockroaches
  6 goblins
  8 hobgoblins
  4 quokkas
  6 ball pythons
  5 frilled lizards
  6 kobolds
  4 rats
84 creatures vanquished.

Notes
Turn   | Place    | Note
-------+----------+-------------------------------------------
     0 | D:1      | experimilk the Palentonga Fighter began the quest for the
                  | Orb.
     0 | D:1      | Reached XP level 1. HP: 19/19 MP: 1/1
   259 | D:1      | Reached XP level 2. HP: 25/25 MP: 2/2
   331 | D:1      | Reached skill level 3 in Maces & Flails
  1395 | D:2      | Reached XP level 3. HP: 26/31 MP: 3/3
  1693 | D:2      | Reached skill level 4 in Maces & Flails
  2268 | D:3      | Reached XP level 4. HP: 33/37 MP: 4/4
  2508 | D:3      | Found a radiant altar of Vehumet.
  2508 | D:3      | Noticed a scorpion
  2523 | D:3      | Killed a scorpion
  2524 | D:3      | Reached skill level 5 in Maces & Flails
  2524 | D:3      | Reached XP level 5. HP: 34/43 MP: 5/5
  3339 | D:4      | Paralysed by an orc for 6 turns
  3490 | D:4      | Reached skill level 6 in Maces & Flails
  3755 | D:4      | Reached XP level 6. HP: 46/50 MP: 6/6
  3978 | D:5      | Entered Level 5 of the Dungeon
  4291 | D:5      | Noticed Sigmund
  4305 | D:5      | Killed Sigmund
  4306 | D:5      | Reached skill level 1 in Throwing
  4403 | D:5      | Found a glowing silver altar of Zin.
  4515 | D:5      | Found a staircase to the Ecumenical Temple.
  4524 | Temple   | Entered the Ecumenical Temple
  4647 | Temple   | Became a worshipper of Warmaster Okawaru
  4693 | D:5      | Noticed Duvessa
  4693 | D:5      | Noticed Dowan
  4702 | D:5      | Killed Duvessa
  4703 | D:5      | Gained mutation: You curl defensively after being hit. (AC
                  | +7*) [Palentonga growth]
  4703 | D:5      | Reached XP level 7. HP: 55/55 MP: 7/7
  4707 | D:5      | Killed Dowan
  4718 | D:5      | Noticed Pikel
  4732 | D:5      | Killed Pikel
  4732 | D:5      | Reached * piety under Okawaru
  4733 | D:5      | Reached skill level 7 in Maces & Flails
  4733 | D:5      | Reached XP level 8. HP: 8/65 MP: 8/8
  5075 | D:5      | Reached ** piety under Okawaru
  5333 | D:5      | Reached skill level 8 in Maces & Flails
  5814 | D:5      | Noticed Eustachio
  5834 | D:5      | Killed Eustachio
  5835 | D:5      | Reached skill level 5 in Fighting
  6776 | D:6      | Slain by an orc warrior

Illustrated notes

Levels and vault maps discovered:
D:1:      amcnicky_arrival_gap_in_the_tavern_cellar, layout_basic,
          serial_co_window_serial, co_window_paths_b, co_window_paths_a,
          co_window_paths_b, co_window_paths_a, co_window_of_opportunity_a,
          co_window_2corner, co_window_paths_c, co_window_broadway_b,
          co_window_broadway_b, co_window_4corner_b, glass_columns_b,
          glass_columns_c, glass_columns_c, glass_columns_a
D:2:      layout_basic
D:3:      layout_loops_ring, nicolae_vehumet_altar_sigil, chequers_jeans
D:4:      layout_rooms
D:5:      layout_basic, zin_statuary, minmay_temple_entry_antechambers,
          uniq_duvessa, uniq_sigmund, uniq_pikel, uniq_eustachio
D:6:      layout_basic, serial_shops, shop, serial_bayou_lagoon_b
Temple:   mainiacjoe_temple_coin_purse

Skill      XL: |  1  2  3  4  5  6  7  8 |
---------------+-------------------------+-----
Maces & Flails | 3 4 5 6 7 8 |  8.7
Throwing       | 1 3 |  3.0
Armour         | 3 |  3.0
Fighting       | 4 5 |  5.2
Shields        | |  2.4

Action                   |  1- 3 |  4- 6 |  7- 9 || total
-------------------------+-------+-------+-------++-------
Melee: Flail             |    99 |   100 |    74 ||   273
       Tailslap          |     6 |    12 |     8 ||    26
Throw: Boomerang         |     9 |     1 |       ||    10
 Abil: Rolling Charge    |    23 |    22 |    11 ||    56
Evoke: Wand              |       |     3 |     1 ||     4
  Use: Scroll            |     4 |     3 |     2 ||     9
       Potion            |       |     3 |     3 ||     6
 Stab: Paralysed         |       |     4 |       ||     4
Armor: Scale mail        |    42 |    32 |     9 ||    83
       Chain mail        |       |       |     2 ||     2
Dodge: Dodged            |    33 |    21 |    21 ||    75
Block: Buckler           |    19 |    15 |    11 ||    45

Table legend: (Time is in decaauts)
 A = Elapsed time spent in this place.
 B = Non-inter-level travel time spent in this place.
 C = Inter-level travel time spent in this place.
 D = Time resting spent in this place.
 E = Time spent auto-exploring this place.
 F = Levels seen in this place.
 G = Mean time per level.
                   A        B        C        D        E       F      G
               +--------+--------+--------+--------+--------+-----+--------+
         Total |   6833 |   6326 |    507 |   2378 |   2553 |   7 |  976.1 |
       Dungeon |   6696 |   6189 |    507 |   2378 |   2467 |   6 | 1116.0 |
        Temple |    136 |    136 |      0 |      0 |     86 |   1 |  136.0 |
               +--------+--------+--------+--------+--------+-----+--------+

Top non-repeatable levels by time:
     D:5: 2592 daAuts
     D:1: 1180 daAuts
     D:2: 1166 daAuts
     D:3: 873 daAuts
     D:4: 860 daAuts
  Temple: 136 daAuts
     D:6: 22 daAuts
